2989 views
Uploaded 2020-02-20 12:00:31
Game version 1.32 / 1.32.1
25:36 long 1on1 custom game on (2)ConcealedHill
Game name "MTS2020"
Saved by Zipper
2989 views
Uploaded 2020-02-20 12:00:31
Game version 1.32 / 1.32.1
25:36 long 1on1 custom game on (2)ConcealedHill
Game name "MTS2020"

42 units @ 6.8k
/ 1k
14 buildings @ 2.3k
/ 0.9k



| Rod of Necromancy | 3 | 450 |
| Orb of Corruption | 1 | 375 |
| Scroll of Healing | 1 | 250 |
| Scroll of Town Portal | 3 | 1050 |
| Potion of Lesser Invulnerability | 1 | 150 |
| total: | 9 | 2275g |
| Acolyte | 3 | 225 | / | 0 |
| Ghoul | 12 | 1440 | / | 0 |
| Obsidian Statue | 3 | 600 | / | 105 |
| Crypt Fiend | 9 | 1935 | / | 360 |
| Abomination | 3 | 720 | / | 210 |
| Banshee | 12 | 1860 | / | 360 |
| total: | 42 | 6780g | / | 1035w |
| Nerubian Tower | 1 | 100 | / | 20 |
| Crypt | 2 | 400 | / | 100 |
| Altar of Darkness | 1 | 180 | / | 50 |
| Ziggurat | 6 | 900 | / | 300 |
| Tomb of Relics | 1 | 130 | / | 30 |
| Graveyard | 1 | 215 | / | 0 |
| Slaughterhouse | 1 | 140 | / | 135 |
| Temple of the Damned | 2 | 310 | / | 280 |
| Halls of the Dead | 1 | 320 | / | 210 |
| Black Citadel | 1 | 325 | / | 230 |
| total: | 14 | 2275g | / | 895w |
| 0:03 | Crypt |
| 0:05 | Crypt |
| 0:06 | Altar of Darkness |
| 0:10 | Ziggurat |
| 0:23 | Acolyte |
| 0:35 | Acolyte |
| 0:56 | Tomb of Relics |
| 1:06 | Ghoul |
| 1:19 | Ghoul |
| 1:37 | Ghoul |
| 2:05 | Nerubian Tower |
| 2:06 | Rod of Necromancy |
| 2:10 | Death Coil |
| 2:35 | Halls of the Dead |
| 3:14 | Graveyard |
| 3:15 | Ziggurat |
| 3:27 | Ghoul |
| 3:41 | Rod of Necromancy |
| 4:15 | Ghoul |
| 4:19 | Unholy Aura |
| 4:34 | Ghoul |
| 4:48 | Ghoul |
| 5:06 | Black Citadel |
| 5:09 | Slaughterhouse |
| 5:23 | Ziggurat |
| 5:51 | Death Coil |
| 6:42 | Obsidian Statue |
| 6:44 | Crypt Fiend |
| 6:45 | Burrow |
| 6:48 | Ziggurat |
| 6:53 | Rod of Necromancy |
| 7:15 | Frost Nova |
| 7:24 | Obsidian Statue |
| 7:40 | Crypt Fiend |
| 7:41 | Ghoul Frenzy |
| 7:48 | Orb of Corruption |
| 8:03 | Crypt Fiend |
| 8:23 | Dark Ritual |
| 8:25 | Potion of Lesser Invulnerability |
| 8:32 | Crypt Fiend |
| 9:22 | Scroll of Healing |
| 9:25 | Abomination |
| 10:03 | Crypt Fiend |
| 10:17 | Temple of the Damned |
| 10:41 | Cleaving Attack |
| 10:53 | Ghoul |
| 11:14 | Ghoul |
| 11:15 | Ghoul |
| 11:25 | Unholy Aura |
| 11:30 | Banshee Adept Training |
| 11:39 | Scroll of Town Portal |
| 11:44 | Frost Nova |
| 12:25 | Creature Attack |
| 13:14 | Howl of Terror |
| 13:24 | Banshee Master Training |
| 13:26 | Temple of the Damned |
| 13:28 | Crypt Fiend |
| 13:31 | Obsidian Statue |
| 14:12 | Scroll of Town Portal |
| 14:26 | Crypt Fiend |
| 14:29 | Banshee |
| 14:30 | Banshee |
| 14:51 | Ziggurat |
| 15:08 | Banshee |
| 15:34 | Banshee |
| 15:51 | Banshee |
| 16:16 | Crypt Fiend |
| 16:44 | Abomination |
| 17:38 | Abomination |
| 18:04 | Scroll of Town Portal |
| 18:22 | Ghoul |
| 18:44 | Ghoul |
| 19:07 | Acolyte |
| 19:17 | Banshee |
| 19:36 | Ziggurat |
| 19:48 | Web |
| 19:56 | Banshee |
| 20:20 | Banshee |
| 20:27 | Banshee |
| 20:54 | Banshee |
| 21:08 | Banshee |
| 21:30 | Banshee |
| 21:59 | Crypt Fiend |
| Right click | 1950 |
| Select group | 896 |
| Select | 762 |
| Build/train/purchase | 224 |
| Use ability | 86 |
| Assign group | 64 |
| Misc. action | 29 |
| Chat | 10 |
| Item give/drop | 7 |
| Remove unit | 2 |
43 units @ 5.6k
/ 1.2k
21 buildings @ 3.8k
/ 1.9k


| Staff of Preservation | 1 | 150 |
| Orb of Venom | 2 | 650 |
| Anti-magic Potion | 1 | 100 |
| Potion of Healing | 2 | 300 |
| Lesser Clarity Potion | 1 | 70 |
| Scroll of Healing | 1 | 250 |
| Potion of Lesser Invulnerability | 1 | 150 |
| total: | 9 | 1670g |
| Wisp | 24 | 1440 | / | 0 |
| Huntress | 3 | 585 | / | 60 |
| Dryad | 6 | 870 | / | 360 |
| Druid of the Claw | 8 | 2040 | / | 640 |
| Chimaera | 2 | 660 | / | 140 |
| total: | 43 | 5595g | / | 1200w |
| Altar of Elders | 1 | 180 | / | 50 |
| Moon Well | 7 | 1260 | / | 280 |
| Ancient of War | 1 | 150 | / | 60 |
| Hunter's Hall | 1 | 210 | / | 100 |
| Ancient of Wonders | 3 | 270 | / | 90 |
| Tree of Life | 3 | 1020 | / | 555 |
| Ancient of Lore | 2 | 310 | / | 290 |
| Ancient of Wind | 1 | 150 | / | 140 |
| Chimaera Roost | 2 | 280 | / | 380 |
| Tree of Ages | 1 | 320 | / | 180 |
| Tree of Eternity | 1 | 330 | / | 200 |
| total: | 21 | 3830g | / | 1945w |
| 0:01 | Wisp |
| 0:01 | Wisp |
| 0:04 | Altar of Elders |
| 0:08 | Wisp |
| 0:16 | Moon Well |
| 0:23 | Wisp |
| 0:24 | Wisp |
| 0:52 | Wisp |
| 1:09 | Wisp |
| 1:23 | Wisp |
| 1:29 | Wisp |
| 1:44 | Ancient of War |
| 1:50 | Hunter's Hall |
| 1:58 | Moon Well |
| 2:00 | Wisp |
| 2:00 | Wisp |
| 2:13 | Mana Burn |
| 2:56 | Huntress |
| 2:57 | Tree of Ages |
| 3:16 | Huntress |
| 3:43 | Ultravision |
| 3:46 | Moon Well |
| 4:01 | Huntress |
| 4:42 | Moon Well |
| 5:07 | Evasion |
| 5:30 | Tree of Eternity |
| 5:33 | Ancient of Lore |
| 5:43 | Ancient of Wonders |
| 5:45 | Ancient of Wonders |
| 6:03 | Breath of Fire |
| 6:09 | Ancient of Lore |
| 6:50 | Dryad |
| 6:53 | Staff of Preservation |
| 7:34 | Dryad |
| 7:36 | Mana Burn |
| 7:45 | Druid of the Claw Adept Training |
| 8:03 | Drunken Brawler |
| 8:07 | Orb of Venom |
| 8:13 | Anti-magic Potion |
| 8:13 | Potion of Healing |
| 8:18 | Druid of the Claw |
| 8:40 | Druid of the Claw Master Training |
| 9:16 | Tree of Life |
| 9:18 | Wisp |
| 9:18 | Wisp |
| 9:56 | Abolish Magic |
| 10:10 | Druid of the Claw |
| 10:23 | Wisp |
| 10:23 | Wisp |
| 10:25 | Lesser Clarity Potion |
| 10:26 | Potion of Healing |
| 10:26 | Orb of Venom |
| 10:51 | Druid of the Claw |
| 11:47 | Druid of the Claw |
| 11:51 | Evasion |
| 12:01 | Druid of the Claw |
| 12:03 | Strength of the Wild |
| 12:12 | Breath of Fire |
| 12:20 | Moon Well |
| 12:33 | Ancient of Wonders |
| 13:09 | Dryad |
| 13:29 | Tree of Life |
| 13:31 | Dryad |
| 13:55 | Druid of the Claw |
| 14:29 | Ancient of Wind |
| 14:33 | Wisp |
| 15:08 | Reinforced Hides |
| 15:08 | Improved Strength of the Wild |
| 15:57 | Chimaera Roost |
| 16:09 | Potion of Lesser Invulnerability |
| 16:12 | Scroll of Healing |
| 16:18 | Wisp |
| 16:19 | Wisp |
| 16:19 | Wisp |
| 16:19 | Wisp |
| 16:20 | Wisp |
| 16:20 | Wisp |
| 16:20 | Wisp |
| 16:21 | Wisp |
| 16:49 | Chimaera Roost |
| 17:19 | Drunken Brawler |
| 17:52 | Druid of the Claw |
| 17:53 | Chimaera |
| 18:17 | Chimaera |
| 18:52 | Nature's Blessing |
| 19:15 | Mana Burn |
| 19:33 | Dryad |
| 19:50 | Tree of Life |
| 21:15 | Mark of the Claw |
| 22:02 | Moon Well |
| 22:04 | Moon Well |
| 22:33 | Druid of the Claw |
| 22:38 | Dryad |
| 25:26 | Breath of Fire |
| Right click | 1546 |
| Assign group | 669 |
| Select | 569 |
| Select group | 427 |
| Misc. action | 196 |
| Use ability | 123 |
| Build/train/purchase | 106 |
| Chat | 6 |
| Minimap ping | 5 |
| Item give/drop | 4 |
| Remove unit | 3 |
| Esc | 1 |